 Dungeon Crawl Stone Soup version 0.31-a0-271-gb88eb75 (webtiles) character file.

Game seed: 9779675918360143936

81 Dawnplanks the Sneak (level 4, -6/23 HPs)
             Began as a Vampire Brigand on July 14, 2023.
             Mangled by a worm (11 damage)
             ... on level 2 of the Dungeon.
             The game lasted 00:04:36 (1901 turns).

Dawnplanks the Sneak (Vampire Brigand)              Turns: 1901, Time: 00:04:36

Health: -6/23      AC:  3    Str:  8 (10) XL:     4   Next: 19%
Magic:  4/4        EV: 12    Int: 12 (13) God:
Gold:   34         SH:  0    Dex: 15 (17) Spells: 3/3 levels left

rFire   . . .        a - +2 dagger
rCold   + + .        (no shield)
rNeg    + + +        b - +0 robe
rPois   ∞            (no helmet)
rElec   .            c - +0 cloak
rCorr   .            (no gloves)
SInv    +            (no boots)
Will    .....        (no amulet)
Stlth   ++++++       (no ring)
HPRegen 0.00/turn    (no ring)
MPRegen 0.09/turn

%: no passive effects
@: bloodless, inhibited regen
A: bloodless, fangs 3, see invisible, vampiric 2, [frail 1]
a: Bat Form, Revivify


You were on level 2 of the Dungeon.
You visited 1 branch of the dungeon, and saw 2 of its levels.

You collected 34 gold pieces.

Inventory:

Hand Weapons
 a - a +2 dagger (weapon)
Missiles
 d - 13 poisoned darts (quivered)
 e - 3 curare-tipped darts
Armour
 b - a +0 robe (worn)
 c - a +0 cloak (worn)
Scrolls
 f - 4 scrolls of identify {unknown}
 h - 2 scrolls of fog {unknown}
 i - a scroll of immolation {unknown}
 j - a scroll of poison {unknown}
 k - a scroll of revelation {unknown}
Potions
 g - a potion of brilliance {unknown}
 l - a potion of might {unknown}
 m - a potion of curing {unknown}


   Skills:
 + Level 2.2 Fighting
 + Level 2.7 Short Blades
 + Level 1.6 Throwing
 + Level 2.1 Dodging
 + Level 7.4 Stealth


You had 3 spell levels left.
You didn't know any spells.
Your spell library contained the following spells:

 Spells                   Type           Power      Damage    Failure   Level
 Kiss of Death            Conj/Necr      0%         2d5       32%         1
 Confusing Touch          Hex            0%         N/A       69%         3
 Dispel Undead            Necr           0%         3d6       97%         4


Dungeon Overview and Level Annotations

Branches:
Dungeon (2/15)

Altars:

Annotations:
D:2 Robin


Innate Abilities, Weirdness & Mutations

You do not regenerate when monsters are visible.
You are frail without blood (-20% HP).
You can heal yourself when you bite living creatures.
You are immune to poison.
You have razor-sharp teeth.
You have supernaturally acute eyesight. (SInv)
You are afflicted with vampirism and can become a bat while bloodless.
[You are frail. (-10% HP)]


Message History

The goblin is heavily wounded.
The goblin hits you but does no damage.
You closely miss the goblin.
The goblin is heavily wounded.
The goblin hits you with a +0 club.
You closely miss the goblin.
The goblin is heavily wounded.
You hit the goblin.
You kill the goblin!
You feel your intelligence returning.
You see here a +0 club.
A goblin is nearby!
No target in view!
The kobold shouts!
A worm comes into view.
The kobold hits you but does no damage.
You closely miss the kobold. The kobold hits you but does no damage.
You hit the kobold. You bite the kobold.
You kill the kobold!
Things that are here:
a +0 dagger; 9 gold pieces; a kobold corpse The worm barely misses you.
You hit the worm.
The worm is lightly wounded.
You hit the worm.
The worm is moderately wounded.
The worm bites you!
You hit the worm.
The worm is moderately wounded.
You hit the worm.
The worm is heavily wounded.
The worm bites you!
* * * LOW HITPOINT WARNING * * *
You are too injured to fight recklessly!
You hit the worm.
The worm is heavily wounded.
You hit the worm.
The worm is almost dead.
The worm bites you!
You die...

..............# #.#######.#.#
.######.#########.........#.#
)#..#.#..#888#.)...########.#
.#..'.#..#...#####)# #.#
.#..#.#..##'## #.# #.#
.#..#_#......#####.########.###
.#..###..#...#.............)..#
.##......#######.##########.###
...###...#8..# #@# #.#
......#####..###w# #.#
..............##.# #.#
.................# #.#
.................# #.#
##..##.##.######)# ###.#
.................# #.#.#
..............##.# #.#.#
...#.............# #.###


You could see a worm.

Vanquished Creatures
  A gnoll (D:2)
  An adder (D:2)
  A dart slug (D:1)
  2 ball pythons
  4 endoplasms
  A giant cockroach (D:1)
  11 goblins
  8 hobgoblins
  6 jackals
  A quokka (D:1)
  4 bats
  2 frilled lizards
  6 kobolds
  3 rats
51 creatures vanquished.

Notes
Turn   | Place    | Note
-------+----------+-------------------------------------------
     0 | D:1      | Dawnplanks the Vampire Brigand began the quest for the Orb.
     0 | D:1      | Reached XP level 1. HP: 16/16 MP: 1/1
    66 | D:1      | Reached skill level 6 in Stealth
   203 | D:1      | Reached XP level 2. HP: 14/19 MP: 2/2
   646 | D:2      | Noticed Robin
   671 | D:1      | Reached skill level 7 in Stealth
   671 | D:1      | Gained mutation: You are afflicted with vampirism and can
                  | become a bat while bloodless. [Vampire growth]
   671 | D:1      | Reached XP level 3. HP: 20/24 MP: 3/3
  1514 | D:2      | Reached XP level 4. HP: 17/23 MP: 4/4
  1792 | D:2      | Found a faded altar of an unknown god.
  1901 | D:2      | Mangled by a worm

Illustrated notes

Levels and vault maps discovered:
D:1:      lightli_arrival_windingriver, layout_basic, minmay_misc_feat_square,
          kennysheep_pointless_box
D:2:      layout_basic, shapermc_ecumenical_altar_mp_vishouse,
          chequers_decorated_corner, uniq_robin

Skill      XL: |  1  2  3 |
---------------+----------+-----
Stealth        | 6 7 |  7.4
Fighting       | 2 |  2.2
Dodging        | 2 |  2.1
Short Blades   | |  2.7
Throwing       | |  1.6

Action                     |  1- 3 |  4- 6 || total
---------------------------+-------+-------++-------
  Melee: Dagger            |   159 |    18 ||   177
         Bite              |    10 |     1 ||    11
         Punch             |     2 |       ||     2
Ability: Exsanguinate      |     2 |       ||     2
         Revivify          |     1 |       ||     1
         End Transformatio |     1 |       ||     1
         Bat Form          |     1 |       ||     1
   Stab: Sleeping          |     7 |       ||     7
 Armour: Robe              |    41 |     5 ||    46
  Dodge: Dodged            |    99 |     4 ||   103

Table legend: (Time is in decaauts)
 A = Elapsed time spent in this place.
 B = Non-inter-level travel time spent in this place.
 C = Inter-level travel time spent in this place.
 D = Time resting spent in this place.
 E = Time spent auto-exploring this place.
 F = Levels seen in this place.
 G = Mean time per level.
                   A        B        C        D        E       F      G
               +--------+--------+--------+--------+--------+-----+--------+
         Total |   1864 |   1803 |     61 |    166 |   1170 |   2 |  932.0 |
       Dungeon |   1864 |   1803 |     61 |    166 |   1170 |   2 |  932.0 |
               +--------+--------+--------+--------+--------+-----+--------+

Top non-repeatable levels by time:
     D:2: 1077 daAuts
     D:1: 787 daAuts
